 Dungeon Crawl Stone Soup version 0.32-a0-986-ga09f62fbf4 (webtiles) character file.

Game seed: 14115784196414656981

5518 shadizar the Magician (level 11, -3/76 HPs)
             Began as a Djinni Conjurer on Apr 21, 2024.
             Was a Believer of Makhleb.
             Shot with an arrow by a centaur (6 damage)
             ... on level 9 of the Dungeon.
             The game lasted 00:12:06 (9636 turns).

shadizar the Magician (Djinni Conjurer)             Turns: 9636, Time: 00:12:11

Health: -3/76      AC:  9    Str:  6    XL:     11   Next: 1%
Gold:   374        EV: 17    Int: 25    God:    Makhleb [**....] SH:  4 Dex: 11

rFire   + + .        (no weapon)
rCold   . . .        E - +0 buckler
rNeg    . . .        a - +0 robe
rPois   ∞            c - +0 helmet
rElec   .            p - +2 cloak
rCorr   .            r - +1 pair of gloves
SInv    .            (boots unavailable)
Will    +....        b - amulet of the acrobat
Stlth   +++          x - +5 ring of evasion
HPRegen 0.32/turn    h - ring of protection from cold

%: acrobat, infuse magic (-4 HP)
@: flying
A: sickness immunity, fire resistance 2, cold vulnerability 1, float, innate
caster, HP casting, extra vitality 1
a: Renounce Religion, Minor Destruction


You were on level 9 of the Dungeon.
You worshipped Makhleb.
Makhleb was pleased with you.
You visited 2 branches of the dungeon, and saw 10 of its levels.
You also visited: Sewer.

You collected 374 gold pieces.

Inventory:

Armour
 a - a +0 robe (worn)
 c - a +0 helmet (worn)
 p - a +2 cloak (worn)
 q - a +3 scale mail of fire resistance
 r - a +1 pair of gloves (worn)
 t - the +0 helmet of the Pits of Slime {rElec Will- Str+2 Int+3}
   (You took it off Robin on level 3 of the Dungeon)

   Str+2:     It affects your strength (+2).
   Int+3:     It affects your intelligence (+3).
   rElec:     It insulates you from electricity.
   Will-:     It decreases your willpower.
 v - the +0 ring mail of Pesmiuz {Int+3}
   (You found it on level 3 of the Dungeon)

   Int+3:     It affects your intelligence (+3).
 E - a +0 buckler (worn)
Magical Staves
 D - a staff of fire
Jewellery
 b - an amulet of the acrobat (around neck)
 h - a ring of protection from cold (right hand)
 o - an amulet of reflection
 s - a ring of positive energy
 x - a +5 ring of evasion (left hand)
 y - a +4 ring of protection
 B - a ring of wizardry
 F - a +6 ring of dexterity
Wands
 d - a wand of charming (23)
 i - a wand of flame (17)
Scrolls
 k - 3 scrolls of blinking
 n - 4 scrolls of fog
 u - a scroll of poison
 w - a scroll of fear
 z - 3 scrolls of identify
 A - a scroll of amnesia
Potions
 e - 4 potions of curing
 f - a potion of magic {unknown}
 g - 2 potions of attraction
 j - a potion of cancellation
 l - a potion of brilliance {unknown}
 m - 4 potions of enlightenment
 C - 2 potions of mutation


   Skills:
 + Level 6.2 Fighting
 + Level 6.2 Armour
 + Level 7.3 Dodging
 + Level 6.0 Stealth
 + Level 1.7 Shields
 + Level 7.7 Spellcasting
 + Level 7.7 Conjurations
 + Level 7.7 Hexes
 + Level 7.7 Summonings
 + Level 7.7 Necromancy
 + Level 7.7 Translocations
 + Level 7.7 Fire Magic
 + Level 7.7 Ice Magic
 + Level 7.7 Air Magic
 + Level 7.7 Earth Magic
 + Level 7.7 Alchemy


You knew the following spells:

 Your Spells              Type           Power      Damage    Failure   Level
a - Magic Dart            Conj           100%       1d8       1%          1
b - Searing Ray           Conj           96%        2d7       1%          2
c - Fulminant Prism       Conj/Alch      24%        3d12      4%          4
d - Iskenderun's Mystic   Conj/Tloc      48%        2d11      (+2d54%     4
e - Freeze                Ice            100%       1d10      1%          1
f - Jinxbite              Hex            96%        N/A       1%          2
g - Summon Ice Beast      Ice/Summ       48%        N/A       1%          3
h - Hailstorm             Conj/Ice       48%        3d10      1%          3
i - Leda's Liquefaction   Alch/Erth      24%        N/A       4%          4
Your spell library was empty.

Dungeon Overview and Level Annotations

Branches:
Dungeon (9/15)             Temple (1/1) D:6           Sewer (visited)
   Lair: D:8-11         Orc: D:9-12

Altars:
Cheibriados
Dithmenos
Elyvilon
Fedhas
Gozag
Hepliaklqana
Makhleb
Nemelex Xobeh
Okawaru
Qazlal
Ru
Trog
Uskayaw
Wu Jian
Xom
Yredelemnul
Zin
The Shining One

Shops:
D:1 (   D:7 *

Annotations:
D:5 2 transporters, Konar's ghost, novice CoHu


Innate Abilities, Weirdness & Mutations

You are immune to sickness and miasma.
You are immune to poison.
Your flesh is very heat resistant. (rF++)
You are vulnerable to cold. (rC-)
You float through the air rather than walking.
You learn spells naturally, not from books.
Your magical power is your life essence.
You have superior vitality. (+4 MHP)


Message History

You kill the steam dragon!
Makhleb accepts your kill.
The mystic blast hits the vampire mosquito.
The vampire mosquito is severely damaged.
The vampire mosquito is knocked back by the mystic blast.
* * * LOW HITPOINT WARNING * * *
You hear a roar!
The centaur shoots an arrow.
You block the arrow.
The gnoll bouda prays to its god.
The gnoll bouda is healed somewhat.
The centaur shoots an arrow.
The arrow hits you.
* * * LOW HITPOINT WARNING * * *
The centaur shoots an arrow.
The arrow hits you!
* * * LOW HITPOINT WARNING * * *
The orc priest hits your fulminant prism with a +0 war axe.
Your fulminant prism crackles loudly.
Your Stealth skill increases to level 6!
You have reached level 11!
The power to cast Leda's Liquefaction wells up from within.
Spell assigned to 'i'.
Unknown command.
Unknown command.
Unknown command.
Unknown command.
Unknown command.
Unknown command.
Unknown command.
Unknown command.
Unknown command.
Unknown command.
Unknown command.
Okay, then.
The centaur shoots an arrow.
You block the arrow.
The centaur shoots an arrow.
The arrow hits you.
* * * LOW HITPOINT WARNING * * *
The gnoll bouda utters an invocation to its god.
The gnoll bouda is healed somewhat.
You block the vampire mosquito's attack.
The centaur shoots an arrow.
The arrow hits you.
You die...

## #.# ##..####
## #....#.# ..#
##...... ..###
#......##.#..##
#......@#......
##.......y.g....
.>......)Y......
.......)c.......
######+.*c......
#..o......
#.[.......
#.†)......
#.........


You could see a yak, a vampire mosquito, 2 centaurs, a gnoll bouda, an orc
priest and a friendly fulminant prism.

Vanquished Creatures
  Erolcha (D:9)
  A two-headed ogre (D:8)
  The ghost of Chimkentus the Apothecary, a novice OpAl of Wu Jian (D:8)
  A deep elf pyromancer (D:8)
  A wyvern (D:8)
  A steam dragon (D:9)
  A vampire mosquito (D:9)
  2 water moccasins
  A laughing skull (D:8)
  A black bear (D:6)
  An ice beast (D:7)
  An ogre (D:6)
  2 centaurs
  A kobold brigand (D:8)
  3 bullfrogs
  A gnoll sergeant (D:8)
  3 scorpions
  A killer bee (D:8)
  3 howler monkeys
  2 bombardier beetles
  4 jellies
  4 orc priests
  4 gnoll boudas
  2 hounds (D:6)
  3 iguanas (D:5)
  Ijyb (D:4)
  Terence (D:3)
  Natasha (thrice) (D:4)
  13 orc wizards
  Robin (D:3)
  27 gnolls
  A river rat (D:4)
  9 adders
  A shadow imp (D:6)
  4 ufetubi
  8 dart slugs (Sewer)
  A ribbon worm (D:2)
  34 orcs
  13 ball pythons
  13 endoplasms
  12 giant cockroaches
  11 goblins
  8 hobgoblins
  10 jackals
  4 quokkas
  3 bats
  19 frilled lizards
  13 kobolds
  3 rats
259 creatures vanquished.

Vanquished Creatures (others)
  An orc wizard (D:9)
  12 fulminant prisms
13 creatures vanquished.

Grand Total: 272 creatures vanquished

Notes
Turn   | Place    | Note
-------+----------+-------------------------------------------
     0 | D:1      | shadizar the Djinni Conjurer began the quest for the Orb.
     0 | D:1      | shadizar set off with the following spells memorised: Magic
                  | Dart, Searing Ray, Fulminant Prism, Iskenderun's Mystic
                  | Blast.
     0 | D:1      | Reached XP level 1. HP: 15/15 MP: 0/0
   221 | D:1      | Reached XP level 2. HP: 19/21 MP: 0/0
   358 | D:1      | Found Yfuttuur's Weapon Boutique.
   976 | D:2      | Reached XP level 3. HP: 19/25 MP: 0/0
   976 | D:2      | Learned a level 1 spell: Freeze
  1388 | D:2      | Found a sacrificial altar of Ru.
  1753 | D:3      | Reached XP level 4. HP: 30/31 MP: 0/0
  1887 | D:3      | Reached XP level 5. HP: 34/35 MP: 0/0
  1887 | D:3      | Learned a level 2 spell: Jinxbite
  1928 | D:3      | Identified the +0 helmet of the Pits of Slime {rElec Will-
                  | Str+2 Int+3}
  1928 | D:3      | Noticed Robin
  1933 | D:3      | Reached skill level 5 in Spellcasting
  1933 | D:3      | Reached skill level 5 in Conjurations
  1933 | D:3      | Reached skill level 5 in Hexes
  1933 | D:3      | Reached skill level 5 in Summonings
  1933 | D:3      | Reached skill level 5 in Necromancy
  1933 | D:3      | Reached skill level 5 in Translocations
  1933 | D:3      | Reached skill level 5 in Fire Magic
  1933 | D:3      | Reached skill level 5 in Ice Magic
  1933 | D:3      | Reached skill level 5 in Air Magic
  1933 | D:3      | Reached skill level 5 in Earth Magic
  1933 | D:3      | Reached skill level 5 in Alchemy
  1937 | D:3      | Killed Robin
  1971 | D:3      | Noticed Terence
  1981 | D:3      | Killed Terence
  2460 | D:3      | Identified the +0 ring mail of Pesmiuz {Int+3}
  2936 | D:4      | Reached XP level 6. HP: 38/40 MP: 0/0
  3041 | D:4      | Noticed Natasha
  3047 | D:4      | Killed Natasha
  3060 | D:4      | Noticed Ijyb
  3070 | D:4      | Killed Ijyb
  3139 | D:4      | Found a glowing drain.
  3143 | Sewer    | Entered a sewer
  3674 | Sewer    | Reached XP level 7. HP: 39/45 MP: 0/0
  3674 | Sewer    | Learned a level 3 spell: Summon Ice Beast
  3839 | D:4      | Noticed Natasha
  3844 | D:4      | Killed Natasha
  4202 | D:4      | Noticed Natasha
  4207 | D:4      | Killed Natasha
  4378 | D:5      | Entered Level 5 of the Dungeon
  4559 | D:5      | Reached skill level 1 in Fighting
  4559 | D:5      | Reached skill level 1 in Armour
  4739 | D:5      | Reached XP level 8. HP: 44/52 MP: 0/0
  5373 | D:5      | Found a transporter.
  5374 | D:5      | Noticed Konar's ghost (novice CoHu)
  5378 | D:5      | Identified the +4 giant club "Eviscerator" {drain, ^Fragile
                  | rPois Str+3}
  5382 | D:5      | Found a transporter.
  5815 | D:6      | Found a staircase to the Ecumenical Temple.
  5827 | Temple   | Entered the Ecumenical Temple
  5853 | Temple   | Became a worshipper of Makhleb the Destroyer
  6236 | D:6      | Found a blossoming altar of Fedhas.
  6520 | D:6      | Found a stormy altar of Qazlal.
  6596 | D:6      | Reached * piety under Makhleb
  6630 | D:6      | Reached XP level 9. HP: 46/60 MP: 0/0
  6630 | D:6      | Learned a level 3 spell: Hailstorm
  6695 | D:6      | Found a shimmering altar of Xom.
  7423 | D:7      | Reached skill level 5 in Dodging
  7493 | D:7      | Found Reyp's CLEARANCE SALE!.
  8208 | D:8      | Reached ** piety under Makhleb
  8368 | D:8      | Noticed Chimkentus's ghost (novice OpAl)
  8377 | D:8      | Found a transporter.
  8380 | D:8      | Found a transporter.
  8489 | D:8      | Noticed a deep elf pyromancer
  8497 | D:8      | Killed a deep elf pyromancer
  8498 | D:8      | Reached skill level 5 in Fighting
  8498 | D:8      | Reached skill level 5 in Armour
  8498 | D:8      | Reached XP level 10. HP: 53/70 MP: 0/0
  8505 | D:8      | Reached skill level 5 in Stealth
  8505 | D:8      | Identified the +9 orcbow "Vogu Tan" {drain, rPois rCorr
                  | Stlth+}
  8619 | D:8      | Noticed a two-headed ogre
  8624 | D:8      | Killed a two-headed ogre
  8996 | D:8      | Killed Chimkentus's ghost
  9529 | D:9      | Noticed Erolcha
  9545 | D:9      | Killed Erolcha
  9546 | D:9      | Reached skill level 1 in Shields
  9636 | D:9      | Reached XP level 11. HP: 8/76 MP: 0/0
  9636 | D:9      | Learned a level 4 spell: Leda's Liquefaction
  9636 | D:9      | HP: 3/76 [centaur/arrow (5)]
  9636 | D:9      | Shot with an arrow by a centaur

Illustrated notes

Levels and vault maps discovered:
D:1:      dpeg_cavernosity, layout_basic, serial_shops,
          nicolae_shop_bloodbath_and_beyond, grunt_decor_junction
D:2:      layout_basic, basic_altar, minmay_quantized
D:3:      layout_loops_ring, uniq_robin, uniq_terence
D:4:      layout_basic, gup_sewer_entry_bowl, serial_glass, glass_columns_c,
          glass_columns_b, glass_columns_c, glass_columns_a, glass_columns_a,
          uniq_natasha, uniq_ijyb
D:5:      layout_basic, mainiacjoe_overflow_surrounded_room,
          gammafunk_ghost_smash
D:6:      layout_loops_corners, mainiacjoe_overflow_six_doors_small,
          lemuel_doored_altar, nicolae_overflow_hidden_temple,
          minmay_temple_entry_large_hall, st_stairs_5
D:7:      layout_loops_corners, nicolae_shop_clearance
D:8:      nzn_winding_woodlands_small [nzn_winding_woodlands_5x15_default,
          nzn_winding_woodlands_center_diamonds,
          nzn_winding_woodlands_5x15_twine], layout_rooms, gammafunk_ghost_arena
D:9:      cheibrodos_ideogram_h, layout_cave_pools,
          nicolae_ru_great_annihilating_truth, enter_bailey_2, special_room
          [special_room_bee], uniq_erolcha, uniq_psyche
Temple:   kb_temple_of_zot

Skill      XL: |  1  2  3  4  5  6  7  8  9 10 |
---------------+-------------------------------+-----
Spellcasting   | 4 5 6 7 |  7.7
Conjurations   | 4 5 6 7 |  7.7
Hexes          | 4 5 6 7 |  7.7
Summonings     | 4 5 6 7 |  7.7
Necromancy     | 4 5 6 7 |  7.7
Translocations | 4 5 6 7 |  7.7
Fire Magic     | 4 5 6 7 |  7.7
Ice Magic      | 4 5 6 7 |  7.7
Air Magic      | 4 5 6 7 |  7.7
Earth Magic    | 4 5 6 7 |  7.7
Alchemy        | 4 5 6 7 |  7.7
Fighting       | 1 3 5 6 |  6.2
Armour         | 1 3 5 6 |  6.2
Stealth        | 2 3 4 6 |  6.0
Dodging        | 4 6 7 |  7.3
Shields        | 1 |  1.7

Action                     |  1- 3 |  4- 6 |  7- 9 | 10-12 || total
---------------------------+-------+-------+-------+-------++-------
  Melee: Unarmed           |       |     2 |     1 |       ||     3
   Cast: Magic Dart        |    84 |   163 |   272 |    15 ||   534
         Iskenderun's Myst |       |    10 |    68 |    26 ||   104
         Searing Ray       |       |     4 |       |       ||     4
         Fulminant Prism   |       |     2 |     1 |    10 ||    13
    Use: Scroll            |       |    11 |     4 |       ||    15
         Potion            |       |       |       |     3 ||     3
 Armour: Robe              |    17 |    24 |    30 |    18 ||    89
  Dodge: Dodged            |     5 |    25 |    37 |    22 ||    89
  Block: Buckler           |       |       |       |     6 ||     6

Table legend: (Time is in decaauts)
 A = Elapsed time spent in this place.
 B = Non-inter-level travel time spent in this place.
 C = Inter-level travel time spent in this place.
 D = Time resting spent in this place.
 E = Time spent auto-exploring this place.
 F = Levels seen in this place.
 G = Mean time per level.
                   A        B        C        D        E       F      G
               +--------+--------+--------+--------+--------+-----+--------+
         Total |   9641 |   8862 |    779 |      0 |   7363 |  11 |  876.5 |
       Dungeon |   8980 |   8250 |    730 |      0 |   6918 |   9 |  997.8 |
        Temple |     52 |      3 |     49 |      0 |      0 |   1 |   52.0 |
         Sewer |    608 |    608 |      0 |      0 |    445 |   1 |  608.0 |
               +--------+--------+--------+--------+--------+-----+--------+

Top non-repeatable levels by time:
     D:7: 1298 daAuts
     D:5: 1285 daAuts
     D:6: 1180 daAuts
     D:8: 1144 daAuts
     D:3: 1051 daAuts
     D:1: 1003 daAuts
     D:2: 986 daAuts
     D:4: 978 daAuts
   Sewer: 608 daAuts
  Temple: 52 daAuts
     D:9: 51 daAuts
